 Dungeon Crawl Stone Soup version 0.31-a0-1074-g0b22e4e0f1 (webtiles) character file.

Game seed: 2286180936768841915

21 ytrimaz the Changeling (level 3, 0/27 HPs)
             Began as a Djinni Shapeshifter on Dec 6, 2023.
             Slain by a jackal (1 damage)
             ... on level 1 of the Dungeon.
             The game lasted 00:00:47 (381 turns).

ytrimaz the Changeling (Djinni Shapeshifter)         Turns: 381, Time: 00:00:47

Health: 0/27       AC:  2    Str: 13    XL:     3   Next: 5%
Gold:   61         EV: 12    Int: 13    God:
                   SH:  0    Dex: 12

rFire   + +          .
                       - Unarmed
rCold   x . .        (no shield)
rNeg    . . .        a - +0 animal skin
rPois   ∞            (helmet currently unavailable)
rElec   .            (cloak currently unavailable)
rCorr   .            (gloves currently unavailable)
SInv    .            (boots unavailable)
Will    .....        (no amulet)
Stlth   +            (no ring)
HPRegen 0.24/turn    (no ring)
MPRegen 0.00/turn

%: infuse magic (-1 HP)
@: beast-form, flying, very slightly contaminated
A: beast (slay +1), flying, sickness immunity, fire resistance 2, cold
vulnerability 1, float, innate caster, HP casting, extra vitality 1
a: Begin Untransformation


You were on level 1 of the Dungeon.
You were a hulking beast.
You visited 1 branch of the dungeon, and saw 1 of its levels.

You collected 61 gold pieces.


Innate Abilities, Weirdness & Mutations

You are a hulking beast.
Your limbs bulge with bestial killing power. (Slay +1)
You are flying.
You are immune to sickness and miasma.
You are immune to poison.
Your flesh is very heat resistant. (rF++)
You are vulnerable to cold. (rC-)
You float through the air rather than walking.
You learn spells naturally, not from books.
Your magical power is your life essence.
You have superior vitality. (+4 MHP)


   Skills:
 - Level 1.0 Fighting
 - Level 2.1 Dodging
 - Level 3.0 Unarmed Combat
 + Level 1.0 Spellcasting
 + Level 1.0 Conjurations
 + Level 1.0 Hexes
   Level 0.0 Charms
 + Level 1.0 Summonings
 + Level 1.0 Necromancy
 + Level 1.0 Translocations
 + Level 1.0 Transmutations
 + Level 1.0 Fire Magic
 + Level 1.0 Ice Magic
 + Level 1.0 Air Magic
 + Level 1.0 Earth Magic
 + Level 1.0 Poison Magic
 + Level 3.1 Shapeshifting


You knew the following spells:

 Your Spells              Type           Power      Damage    Failure   Level
a - Sting                 Tmut/Pois      12%        1d3       19%         1
Your spell library was empty.

Inventory:

Armour
 a - a +0 animal skin (worn)
 i - a +1 helmet
   (You found it on level 1 of the Dungeon)
Talismans
 c - a beast talisman
 d - a flux talisman
Scrolls
 f - a scroll of poison {unknown}
 g - a scroll of identify {unknown}
Potions
 b - a potion of lignification
 e - a potion of berserk rage {unknown}
 h - a potion of might {unknown}

Dungeon Overview and Level Annotations

Branches:
Dungeon (1/15) Zot: 5621

Altars:

###.........### #:.#
...#..........# ###..#
##...########.##
###....# ##.....###
#..####...##.#
###.#...####......####.#
#.#..........######..#
#......#####........##
##...[.# ###..#####
#....## #hh..# #....#
#g##.# #....# #.##.#
###... #......#
...............#
....g..........
......>.....##.
....$.........
............###


You could see a jackal and a hobgoblin.


Message History

You take 1 damage, and now have 21/22 hp.
An endoplasm is nearby!
An endoplasm is nearby!
You hit the endoplasm.
You kill the endoplasm!
No target in view! 2 jackals come into view.
Found 10 gold pieces.
Found a stone staircase leading down. 😎 HP[+1]
Your hp is fully restored (22).
There are monsters nearby!
There are monsters nearby!
A bat comes into view.
The jackal barks! x2; You hear a shout!
You hear an angry hiss.
A ball python comes into view.
The ball python hisses angrily.
The jackal barely misses you.
The jackal bites you but does no damage.
The bat hits you but does no damage. The jackal bites you. 😕 HP[-2]
You take 2 damage, and now have 20/22 hp.
You barely miss the jackal. The bat barely misses you.
The jackal barely misses you.
A hobgoblin comes into view.
The jackal barely misses you. The jackal bites you. 😕 HP[-2]
You take 2 damage, and now have 18/22 hp.
You closely miss the jackal. The bat closely misses you.
The jackal closely misses you. The jackal bites you. 😮 HP[-2]
You take 2 damage, and now have 16/22 hp.
You hit the jackal. The bat hits you but does no damage. The jackal bites you.
The jackal barely misses you.
You are too injured to fight recklessly! 😮 HP[-3]
You take 3 damage, and now have 13/22 hp.
You are too injured to fight recklessly!
Unknown command.
You completely miss the jackal. The bat hits you.
The jackal bites you but does no damage.
The jackal barely misses you. The jackal bites you.
* * * LOW HITPOINT WARNING * * *
😨 HP[-3]
You take 3 damage, and now have 10/22 hp.
The bat hits you but does no damage. The bat hits you.
* * * LOW HITPOINT WARNING * * *
😨 HP[-1]
You take 1 damage, and now have 9/22 hp.
You hit the bat.
You kill the bat!
Unknown command.
You hit the ball python.
You kill the ball python!
You have reached level 3!
Your experience leads to an increase in your attributes!
Increase (S)trength, (I)ntelligence, or (D)exterity?
You feel clever. x2
The power to cast Sting wells up from within.
Spell assigned to 'a'. 😨 HP[+3]
You now have 27 max hp (+5).
You regained 3 hp, and now have 12/27 hp.
Okay, then.
Casting: Sting (safe; 19% risk of failure)
Confirm with . or Enter, or press ? or * to list all spells.
Aiming: Sting (safe; 19% risk of failure)
Press: ? - help, Shift-Dir - straight line, f - jackal
Aim: a jackal (55% to hit)
You miscast Sting.
You are very lightly contaminated with residual magic.
Nothing appears to happen.
* * * LOW HITPOINT WARNING * * *
😨 HP[-1]
You take 1 damage, and now have 11/27 hp.
You barely miss the jackal. The jackal bites you.
* * * LOW HITPOINT WARNING * * *
The jackal barely misses you. The jackal bites you.
* * * LOW HITPOINT WARNING * * *
The jackal bites you but does no damage. 😨 HP[-3]
You take 3 damage, and now have 8/27 hp.
Unknown command.
You hit the jackal. The jackal barely misses you. The jackal bites you.
* * * LOW HITPOINT WARNING * * *
You hit the jackal.
You kill the jackal!
The jackal bites you.
* * * LOW HITPOINT WARNING * * *
😱 HP[-2]
You take 2 damage, and now have 6/27 hp.
Unknown command.
You hit the jackal but do no damage. The jackal barely misses you. x2
You completely miss the jackal. The hobgoblin hits you.
* * * LOW HITPOINT WARNING * * *
The jackal barely misses you. 😱 HP[-5]
You take 5 damage, and now have 1/27 hp.
You barely miss the jackal. The jackal bites you.
You die...

Skill      XL: |  1  2 |
---------------+-------+-----
Shapeshifting  | 3 |  3.1
Spellcasting   | 1 |  1.0
Conjurations   | 1 |  1.0
Hexes          | 1 |  1.0
Summonings     | 1 |  1.0
Necromancy     | 1 |  1.0
Translocations | 1 |  1.0
Transmutations | 1 |  1.0
Fire Magic     | 1 |  1.0
Ice Magic      | 1 |  1.0
Air Magic      | 1 |  1.0
Earth Magic    | 1 |  1.0
Poison Magic   | 1 |  1.0
Fighting       | |  1.0
Dodging        | |  2.1
Unarmed Combat | |  3.0

Action                     || total
---------------------------++-------
  Melee: Unarmed           ||    46
         Punch             ||     2
 Armour: Animal skin       ||    31
  Dodge: Dodged            ||    32

Levels and vault maps discovered:
D:1:      scummos_arrival_star, layout_rooms

Notes
Turn   | Place    | Note
-------+----------+-------------------------------------------
     0 | D:1      | ytrimaz the Djinni Shapeshifter began the quest for the
                  | Orb.
     0 | D:1      | Reached XP level 1. HP: 17/17 MP: 0/0
     0 | D:1      | magus.rc [v1.9.6]
   134 | D:1      | Reached XP level 2. HP: 21/22 MP: 0/0
   215 | D:1      | Reached skill level 3 in Shapeshifting
   299 | D:1      | Reached skill level 1 in Spellcasting
   299 | D:1      | Reached skill level 1 in Conjurations
   299 | D:1      | Reached skill level 1 in Hexes
   299 | D:1      | Reached skill level 1 in Summonings
   299 | D:1      | Reached skill level 1 in Necromancy
   299 | D:1      | Reached skill level 1 in Translocations
   299 | D:1      | Reached skill level 1 in Transmutations
   299 | D:1      | Reached skill level 1 in Fire Magic
   299 | D:1      | Reached skill level 1 in Ice Magic
   299 | D:1      | Reached skill level 1 in Air Magic
   299 | D:1      | Reached skill level 1 in Earth Magic
   299 | D:1      | Reached skill level 1 in Poison Magic
   375 | D:1      | Reached XP level 3. HP: 12/27 MP: 0/0
   375 | D:1      | Learned a level 1 spell: Sting
   378 | D:1      | HP: 6/27 [jackal (2)]
   380 | D:1      | HP: 1/27 [hobgoblin (5)]
   381 | D:1      | Slain by a jackal

Vanquished Creatures
  A ball python (D:1)
  3 bats (D:1)
  2 endoplasms (D:1)
  3 goblins (D:1)
  5 hobgoblins (D:1)
  A jackal (D:1)
  2 rats (D:1)
17 creatures vanquished.

Table legend:
 A = Non-vault XP
 B = Vault XP
 C = Vault XP percentage of total XP
 D = Non-vault monster count
 E = Vault monster count
 F = Vault count percentage of total count
                 A         B        C        D         E       F
            +---------+---------+-------+---------+---------+-------
      Total |      31 |       0 |   0.0 |      17 |       0 |   0.0
            +---------+---------+-------+---------+---------+-------
        D:1 |      31 |       0 |   0.0 |      17 |       0 |   0.0
            +---------+---------+-------+---------+---------+-------

Skill      XL: |  1  2 |
---------------+-------+-----
Shapeshifting  | 3 |  3.1
Spellcasting   | 1 |  1.0
Conjurations   | 1 |  1.0
Hexes          | 1 |  1.0
Summonings     | 1 |  1.0
Necromancy     | 1 |  1.0
Translocations | 1 |  1.0
Transmutations | 1 |  1.0
Fire Magic     | 1 |  1.0
Ice Magic      | 1 |  1.0
Air Magic      | 1 |  1.0
Earth Magic    | 1 |  1.0
Poison Magic   | 1 |  1.0
Fighting       | |  1.0
Dodging        | |  2.1
Unarmed Combat | |  3.0

Action                     || total
---------------------------++-------
  Melee: Unarmed           ||    46
         Punch             ||     2
 Armour: Animal skin       ||    31
  Dodge: Dodged            ||    32

Illustrated notes

Table legend:
 A = Kills in this place as a percentage of kills in the entire game.
 B = Kills by you in this place as a percentage of kills by you in the entire game.
 C = Kills by friends in this place as a percentage of kills by friends in the entire game.
 D = Other kills in this place as a percentage of other kills in the entire game.
 E = Experience gained in this place as a percentage of experience gained in the entire game.
 F = Experience gained in this place divided by the number of levels of this place that you have seen.
                   A       B       C       D       E      F
               +-------+-------+-------+-------+-------+----------------------
         Total | 100.0 | 100.0 |   N/A |   N/A | 100.0 |  31.0
       Dungeon | 100.0 | 100.0 |   N/A |   N/A | 100.0 |  31.0
               +-------+-------+-------+-------+-------+----------------------

Table legend: (Time is in decaauts)
 A = Elapsed time spent in this place.
 B = Non-inter-level travel time spent in this place.
 C = Inter-level travel time spent in this place.
 D = Time resting spent in this place.
 E = Time spent auto-exploring this place.
 F = Levels seen in this place.
 G = Mean time per level.
                   A        B        C        D        E       F      G
               +--------+--------+--------+--------+--------+-----+--------+
         Total |    377 |    377 |      0 |      0 |    261 |   1 |  377.0 |
       Dungeon |    377 |    377 |      0 |      0 |    261 |   1 |  377.0 |
               +--------+--------+--------+--------+--------+-----+--------+

Top non-repeatable levels by time:
     D:1: 377 daAuts
